 Dungeon Crawl Stone Soup version 0.31-a0-271-gb88eb75e06 (webtiles) character file.

Game seed: 6137030574949853012

26 Splatterfish the Poker (level 2, 0/25 HPs)
             Began as a Minotaur Gladiator on July 14, 2023.
             Hit by a goblin thrown by Robin (2 damage)
             ... on level 2 of the Dungeon.
             The game lasted 00:01:25 (693 turns).

Splatterfish the Poker (Minotaur Gladiator)          Turns: 693, Time: 00:01:26

Health: 0/25       AC:  3    Str: 18    XL:     2   Next: 89%
Magic:  1/1        EV: 12    Int:  5    God:
Gold:   63         SH:  0    Dex: 11    Spells: 1/1 levels left

rFire   . . .        a - +0 trident
rCold   . . .        (no shield)
rNeg    . . .        b - +0 leather armour
rPois   .            c - +0 hat
rElec   .            (no cloak)
rCorr   .            (no gloves)
SInv    .            (no boots)
Will    .....        (no amulet)
Stlth   +            (no ring)
HPRegen 0.24/turn    (no ring)
MPRegen 0.07/turn

%: no passive effects
@: no status effects
A: horns 2, retaliatory headbutt
a: no special abilities


You were on level 2 of the Dungeon.
You visited 1 branch of the dungeon, and saw 2 of its levels.

You collected 63 gold pieces.

Inventory:

Hand Weapons
 a - a +0 trident (weapon)
Missiles
 d - 3 throwing nets (quivered)
 e - a javelin
Armour
 b - a +0 leather armour (worn)
 c - a +0 hat (worn)
Potions
 f - a potion of lignification {unknown}
 g - 2 potions of curing {unknown}


   Skills:
 + Level 2.7 Fighting
 + Level 4.2 Polearms
 + Level 2.2 Throwing
 + Level 3.8 Dodging


You had one spell level left.
You didn't know any spells.
Your spell library contained the following spells:

 Spells                   Type           Power      Damage    Failure   Level
 Blink                    Tloc           0%         N/A       67%         2
 Lesser Beckoning         Tloc           0%         N/A       67%         2
 Momentum Strike          Conj/Tloc      0%         3d8       67%         2


Dungeon Overview and Level Annotations

Branches:
Dungeon (2/15)

Altars:

Annotations:
D:2 Robin


Innate Abilities, Weirdness & Mutations

You have a pair of horns on your head.
You reflexively headbutt those who attack you in melee.


Message History

A goblin comes into view. It is wielding a +0 club.
A goblin comes into view. It is wielding a +0 dagger.
Robin roars a battlecry!
The goblins go into a battle-frenzy!
A goblin comes into view. It is wielding a +0 dagger.
You barely miss the goblin. The goblin barely misses you.
You furiously retaliate!
You headbutt the goblin.
You kill the goblin!
A goblin comes into view. It is wielding a +0 club.
You reach to attack!
You puncture the hobgoblin!
You kill the hobgoblin!
A hobgoblin comes into view.
You reach to attack!
You hit the goblin.
The goblin is heavily wounded.
Robin throws the goblin at you! The goblin hits you with a +0 dagger.
You hit the goblin.
The goblin is moderately wounded.
The goblin barely misses you. You furiously retaliate!
You headbutt the goblin.
You kill the goblin!
The goblin hits you with a +0 dagger.
You closely miss the goblin.
The goblin is moderately wounded.
The goblin closely misses you. The goblin hits you with a +0 club. x2
The goblin hits you with a +0 dagger.
You hit the goblin but do no damage. The goblin hits you with a +0 club.
The goblin hits you but does no damage.
A goblin comes into view. It is wielding a +0 dagger.
You hit the goblin.
The goblin is moderately wounded.
The goblin misses you. The goblin hits you with a +0 dagger.
* * * LOW HITPOINT WARNING * * *
You hit the goblin.
You kill the goblin!
The goblin hits you with a +0 club.
* * * LOW HITPOINT WARNING * * *
You see here a +0 dagger.
The goblin attacks as you move away! The goblin hits you with a +0 club.
* * * LOW HITPOINT WARNING * * *
Robin throws the goblin at you!
You die...

#################
...(..(.#.......#
#......)......#
#..).<........#
#.............#
..............>.#
......#.#@####..#
.####.#.#g#### .#
.......g...# #
###.#.#g####
#.#.#g# # # #)#
#g#


g.g grg You could see Robin, a hobgoblin (strong) and 5 goblins.

Vanquished Creatures
  A ball python (D:1)
  An endoplasm (D:1)
  7 goblins
  3 hobgoblins
  A quokka (D:1)
  3 bats (D:1)
  3 kobolds (D:1)
  4 rats (D:1)
23 creatures vanquished.

Notes
Turn   | Place    | Note
-------+----------+-------------------------------------------
     0 | D:1      | Splatterfish the Minotaur Gladiator began the quest for the
                  | Orb.
     0 | D:1      | Reached XP level 1. HP: 18/18 MP: 0/0
   111 | D:1      | Reached skill level 4 in Polearms
   111 | D:1      | Reached XP level 2. HP: 25/25 MP: 1/1
   680 | D:2      | Noticed Robin
   693 | D:2      | Hit by a goblin thrown by Robin

Illustrated notes

Levels and vault maps discovered:
D:1:      dpeg_arrival_line_fractal, layout_loops_ring
D:2:      layout_basic, chequers_ecumenical_altar_simple_redux, uniq_robin

Skill      XL: |  1 |
---------------+----+-----
Polearms       | 4 |  4.2
Fighting       | |  2.7
Throwing       | |  2.2
Dodging        | |  3.8

Action                     || total
---------------------------++-------
  Melee: Trident           ||    50
         Headbutt          ||     5
 Armour: Leather armour    ||     3
  Dodge: Dodged            ||    24

Table legend: (Time is in decaauts)
 A = Elapsed time spent in this place.
 B = Non-inter-level travel time spent in this place.
 C = Inter-level travel time spent in this place.
 D = Time resting spent in this place.
 E = Time spent auto-exploring this place.
 F = Levels seen in this place.
 G = Mean time per level.
                   A        B        C        D        E       F      G
               +--------+--------+--------+--------+--------+-----+--------+
         Total |    697 |    697 |      0 |      0 |    576 |   2 |  348.5 |
       Dungeon |    697 |    697 |      0 |      0 |    576 |   2 |  348.5 |
               +--------+--------+--------+--------+--------+-----+--------+

Top non-repeatable levels by time:
     D:1: 660 daAuts
     D:2: 37 daAuts
